AoeStats
← brunoborbs

Nomad

506425526Analyzed
2v2 RM · 19d ago on Sep 13, 2026· 48m 27s· 4 players
Game mode
Random Map
Map size
176×176
Population
200
Speed
Normal
Resources
Standard
Victory
Conquest
Starting age
Dark Age
Ending age
Imperial Age
RankedLock teamsTeams togetherTeam positionsShared explorationLock speedFull tech treeHidden civsTurbo modeCheats
Victory
Defeat
🇪🇨 Spanish · Ecuador
955
+15
🇪🇸 Romans · Spain
855
+19
🇺🇸 Franks · United States
927
-17
🇬🇧 Magyars · United Kingdom
918
-17
spideramos
10:21 Loom
17:47 Feudal Age
22:20 Castle Age
20:29 Fishing Lines
23:58 Gillnets
23:44 Pikeman
25:20 Scale Mail Armor
26:28 Chain Mail Armor
27:25 Double-Bit Axe
29:00 Bow Saw
30:28 Wheelbarrow
32:11 Ballistics
32:49 Ballistas
33:21 Forging
36:12 Imperial Age
35:44 Hand Cart
37:09 Iron Casting
37:10 Heavy Scorpion
37:23 Halberdier
38:00 Capped Ram
39:49 Chemistry
41:46 Siege Ram
45:16 Conscription
Subrotundum
5:42 Loom
15:50 Feudal Age
16:49 Horse Collar
19:29 Castle Age
18:12 Stone Mining
20:25 Double-Bit Axe
26:32 Wheelbarrow
28:19 Gold Mining
28:49 Scale Barding Armor
29:03 Hand Cart
29:41 Town Watch
30:01 Heavy Plow
30:14 Bow Saw
37:29 Imperial Age
35:26 Chain Barding Armor
35:23 Padded Archer Armor
37:39 Elite Conquistador
39:03 Conscription
40:03 Leather Archer Armor
40:32 Stone Shaft Mining
41:02 Two-Man Saw
47:14 Ballistics
49:04 Ring Archer Armor
Jayhawk5617
5:42 Loom
15:38 Feudal Age
16:13 Double-Bit Axe
22:17 Castle Age
21:08 Stone Mining
21:12 Gold Mining
23:28 Wheelbarrow
23:37 Bow Saw
26:02 Town Watch
28:45 Husbandry
31:39 Scale Barding Armor
33:01 Forging
36:16 Scale Mail Armor
41:38 Fletching
43:03 Gold Shaft Mining
44:37 Chain Mail Armor
44:59 Bodkin Arrow
48:18 Ballistics
brunoborbs
4:30 Loom
9:07 Loom
16:03 Feudal Age
17:06 Town Watch
17:19 Horse Collar
17:50 Double-Bit Axe
20:24 Wheelbarrow
19:45 Gold Mining
21:34 Stone Mining
22:46 Fishing Lines
26:18 Castle Age
24:35 Fletching
28:32 Corvinian Army
29:10 Gillnets
30:40 Scale Barding Armor
32:23 Bloodlines
32:16 Husbandry
33:53 Murder Holes
34:11 Masonry
39:40 Chain Barding Armor
41:13 Hand Cart
41:55 Bow Saw
41:47 Heavy Plow
46:08 Gold Shaft Mining
51:13 Imperial Age
Connection lost

Rejoining the realm…

Still unreachable

The connection could not be restored.

Session expired

The server has moved on; the page needs a fresh start.